 Dungeon Crawl Stone Soup version 0.28-a0-261-gc0b50483a2 (webtiles) character file.

Game seed: 18187578542207849872

4 DonCheadle the Skirmisher (level 1, -1/20 HPs)
             Began as a Hill Orc Fighter on Aug 27, 2021.
             Slain by an endoplasm (2 damage)
             ... on level 1 of the Dungeon.
             The game lasted 00:03:22 (249 turns).

DonCheadle the Skirmisher (Hill Orc Fighter)         Turns: 249, Time: 00:03:23

Health: -1/20      AC:  0    Str: 18    XL:     1   Next: 60%
Magic:  1/1        EV: 11    Int:  8    God:
Gold:   2          SH:  0    Dex: 10    Spells: 0/0 levels left

rFire   . . .      SeeInvis .   (no weapon)
rCold   . . .      Faith    .   (no shield)
rNeg    . . .      Spirit   .   (no armour)
rPois   .          Reflect  .   (no helmet)
rElec   .          Harm     .   (no cloak)
rCorr   .          Rampage  .   (no gloves)
Will    .....                   (no boots)
Stlth   +.........              (no amulet)
HPRegen 0.06/turn               (no ring)
MPRegen 0.07/turn               (no ring)

@: no status effects
A: no striking features
a: no special abilities


You were on level 1 of the Dungeon.
You visited 1 branch of the dungeon, and saw 1 of its levels.

You collected 2 gold pieces.

Inventory:

Scrolls
 k - a scroll of amnesia {unknown}
Potions
 d - a potion of might


   Skills:
 + Level 3.7 Fighting
 + Level 2.7 Axes
 + Level 3.4 Armour
 + Level 3.3 Shields


You couldn't memorise any spells.
You didn't know any spells.
Your spell library was empty.

Dungeon Overview and Level Annotations

Branches:
Dungeon (1/15)

Altars:


Message History

The bat hits you.
You hit the bat.
The bat is severely wounded.
The bat barely misses you. The bat hits you. x2
You hit the bat.
You kill the bat!
Found 23 stones.
A frilled lizard comes into view.
An endoplasm comes into view.
The frilled lizard hisses angrily.
A kobold comes into view. It is wielding a +0 whip.
The kobold shouts!
The endoplasm quivers.
The kobold throws a stone.
The stone closely misses you.
You hit the plant.
The plant begins to die.
The plant is lightly damaged.
The kobold throws a stone.
The stone misses you. The frilled lizard bites you.
You barely miss the frilled lizard.
A nearby plant withers and dies.
A kobold comes into view. It is wielding a +0 club.
The frilled lizard completely misses you.
The kobold shouts!
The kobold throws a stone.
The stone barely misses you.
You closely miss the frilled lizard. The endoplasm freezes you.
You are frozen.
* * * LOW HITPOINT WARNING * * *
The frilled lizard hisses.
The frilled lizard closely misses you.
The kobold throws a stone.
The stone hits you.
* * * LOW HITPOINT WARNING * * *
The frilled lizard barely misses you.
You hit the endoplasm but do no damage.
The frilled lizard hisses.
The frilled lizard barely misses you. The endoplasm closely misses you.
You barely miss the endoplasm. The frilled lizard bites you.
* * * LOW HITPOINT WARNING * * *
The endoplasm hits you.
You die...

P♣ #.# .P# #.# ### .P# #.#
#.. P# #.# # #.# ##.##.#
#.# # ###...#.# #.# # .#
#.......# ##.# .##...
#####...###### #..##....#.
....##.......###@J...K....
#..........P.....l.≈.K≈.≈.
..P≈P≈≈..P≈.PPP≈(..≈≈≈≈≈≈≈
.≈≈≈P≈≈≈≈≈≈≈≈≈≈≈≈P≈≈≈≈≈≈≈≈
≈≈.≈≈≈≈≈≈≈≈≈≈≈≈≈≈≈≈≈≈≈≈≈≈P
.≈≈P≈≈≈≈≈≈≈≈≈P≈PP≈≈≈≈≈P≈.≈
≈P≈≈≈≈≈≈≈≈≈≈≈.≈..≈.≈.≈≈...
≈≈≈≈≈≈≈P.≈.≈..............
≈≈≈≈P.≈≈≈....#...........#


You could see an endoplasm, 2 kobolds and a frilled lizard.

Vanquished Creatures
  A bat (D:1)
  2 hobgoblins (D:1)
3 creatures vanquished.

Vanquished Creatures (others)
  2 plants (D:1)
2 creatures vanquished.

Grand Total: 5 creatures vanquished

Notes
Turn   | Place    | Note
-------+----------+-------------------------------------------
     0 | D:1      | DonCheadle the Hill Orc Fighter began the quest for the
                  | Orb.
     0 | D:1      | Reached XP level 1. HP: 19/19 MP: 1/1
   249 | D:1      | HP: 1/20 [frilled lizard (3)]
   249 | D:1      | Slain by an endoplasm

Illustrated notes

Levels and vault maps discovered:
D:1:      minmay_arrival_arboretum_small, layout_loops_ring, chequers_big_river

Action                   || total
-------------------------++-------
Melee: Unarmed           ||    14
       War axe           ||     5
Armor: Scale mail        ||     2
Dodge: Dodged            ||    21

Table legend: (Time is in decaauts)
 A = Elapsed time spent in this place.
 B = Non-inter-level travel time spent in this place.
 C = Inter-level travel time spent in this place.
 D = Time resting spent in this place.
 E = Time spent auto-exploring this place.
 F = Levels seen in this place.
 G = Mean time per level.
                   A        B        C        D        E       F      G
               +--------+--------+--------+--------+--------+-----+--------+
         Total |    251 |    249 |      2 |      0 |      0 |   1 |  251.0 |
       Dungeon |    251 |    249 |      2 |      0 |      0 |   1 |  251.0 |
               +--------+--------+--------+--------+--------+-----+--------+

Top non-repeatable levels by time:
     D:1: 251 daAuts
